 Dungeon Crawl Stone Soup version 0.26-a0-540-g8a0c9464d7 (webtiles) character file.

Game seed: 4229652924967784955

97751 vurker the Gelid (level 16, -6/113 HPs)
             Began as a Halfling Ice Elementalist on Aug 16, 2020.
             Was a High Priest of Vehumet.
             Killed from afar by a swamp worm (10 damage)
             ... with a harpoon shot
             ... on level 1 of the Swamp.
             The game lasted 00:57:26 (42711 turns).

vurker the Gelid (Halfling Ice Elementalist)       Turns: 42711, Time: 00:57:27

Health: -6/113     AC: 12    Str:  9    XL:     16   Next: 70%
Magic:  10/42      EV: 15    Int: 18    God:    Vehumet [*****.]
Gold:   2265       SH:  0    Dex: 17    Spells: 30/42 levels left

rFire    x . .     SeeInvis .   G - +8 dagger of Tisack {protect, rPois}
rCold    + . .     Faith    .   (shield restricted)
rNeg     . . .     Spirit   .   y - +0 robe {Archmagi}
rPois    +         Reflect  .   b - +2 hat
rElec    .         Harm     .   P - +2 cloak
rCorr    .                      h - +1 pair of gloves
MR       +....                  C - +2 pair of boots {run}
Stlth    ++........             (no amulet)
HPRegen  0.28/turn              L - ring of magical power
MPRegen  0.28/turn              O - ring of ice

@: lethally poisoned (-6 -> -6), very slightly contaminated, quick
A: small, mutation resistance 1
a: Renounce Religion


You were on level 1 of the Swamp.
You worshipped Vehumet.
Vehumet was extremely pleased with you.
You visited 5 branches of the dungeon, and saw 25 of its levels.

You collected 2265 gold pieces.

Inventory:

Hand Weapons
 G - the +8 dagger of Tisack (weapon) {protect, rPois}
   (You found it on level 2 of the Lair of Beasts)

   It grants its wielder temporary protection when it strikes (+7 to AC).
   It protects you from poison.
Armour
 b - a +2 hat (worn)
   (You found it on level 5 of the Dungeon)
 h - a +1 pair of gloves (worn)
   (You found it on level 1 of the Dungeon)
 p - a +0 robe of magic resistance
   (You found it on level 2 of the Dungeon)
 y - a +0 robe of the Archmagi (worn)
   (You took it off Pikel on level 7 of the Dungeon)
 C - a +2 pair of boots of running (worn)
   (You found it on level 6 of the Lair of Beasts)
 P - a +2 cloak (worn)
   (You found it on level 3 of the Lair of Beasts)
Magical Staves
 J - an uncursed staff of conjuration
   (You found it on level 10 of the Dungeon)
Jewellery
 k - an uncursed ring of positive energy
   (You found it on level 6 of the Lair of Beasts)
 K - an uncursed ring of fire
   (You found it on level 10 of the Dungeon)
 L - a ring of magical power (left hand)
   (You found it on level 11 of the Dungeon)
 N - an uncursed ring of see invisible
   (You found it on level 3 of the Dungeon)
 O - a ring of ice (right hand)
   (You found it on level 1 of the Lair of Beasts)
 Q - an uncursed ring of poison resistance
   (You found it on level 15 of the Dungeon)
Wands
 d - a wand of iceblast (34)
   (You took it off Maurice on level 8 of the Dungeon)
 i - a wand of polymorph (37)
   (You found it on level 2 of the Dungeon)
 t - a wand of flame (28)
   (You found it on level 4 of the Lair of Beasts)
 u - a wand of paralysis (32)
   (You found it on level 5 of the Dungeon)
 v - a wand of digging (6)
   (You found it on level 1 of the Lair of Beasts)
 x - a wand of acid (18)
   (You found it on level 10 of the Dungeon)
 I - a wand of enslavement (5)
   (You found it on level 10 of the Dungeon)
Scrolls
 a - 2 scrolls of blinking
 f - a scroll of fog
 g - 10 scrolls of remove curse
 m - 2 scrolls of magic mapping
 n - 4 scrolls of amnesia
 o - 16 scrolls of teleportation
 q - 5 scrolls of immolation
 E - 3 scrolls of identify
 F - 5 scrolls of enchant armour
 H - 4 scrolls of fear
Potions
 c - 4 potions of mutation
 e - 2 potions of cancellation
 j - 2 potions of magic
 l - 7 potions of flight
 r - 6 potions of curing
 s - 8 potions of might
 w - 3 potions of haste
 z - 5 potions of resistance
 A - 3 potions of lignification
 B - a potion of heal wounds
 D - 3 potions of brilliance


   Skills:
 + Level 11.5 Fighting
 - Level 2.1 Dodging
 - Level 2.1 Stealth
 * Level 13.6 Spellcasting
 - Level 3.0 Conjurations
 - Level 3.0 Summonings
 * Level 17.3 Ice Magic


You had 30 spell levels left.
You knew the following spells:

 Your Spells              Type           Power        Failure   Level
a - Freeze                Ice            ####         0%          1
b - Frozen Ramparts       Ice            ######       0%          3
c - Hailstorm             Conj/Ice       #######.     1%          4
d - Summon Ice Beast      Ice/Summ       #######.     1%          4

Your spell library contained the following spells:

 Spells                   Type           Power        Failure   Level
 Lee's Rapid Deconstruct  Erth           ###.......   36%         5
 Ozocubu's Armour         Ice            ########     0%          3
 Shock                    Conj/Air       ####         1%          1
 Ice Form                 Ice/Tmut       #######.     1%          4
 Static Discharge         Conj/Air       ####....     2%          3
 Inner Flame              Hex/Fire       ###.....     4%          3
 Beastly Appendage        Tmut           ###...       5%          1
 Corona                   Hex            ###....      5%          1
 Slow                     Hex            ###.....     9%          2
 Swiftness                Air            ###.....     9%          2
 Wereblood                Tmut           ###.....     9%          2
 Iskenderun's Battlesphe  Conj           ####....     12%         5
 Airstrike                Air            ###.......   16%         4
 Portal Projectile        Hex/Tloc       ###...       17%         3
 Spider Form              Tmut/Pois      ###.......   17%         3
 Lightning Bolt           Conj/Air       ####......   21%         5
 Bolt of Magma            Conj/Fire/Erth ###.......   26%         5
 Cause Fear               Hex            ###.......   50%         4
 Leda's Liquefaction      Hex/Erth       ###.......   50%         4
 Iron Shot                Conj/Erth      ####......   71%         6
 Blade Hands              Tmut           ###.......   83%         5
 Orb of Destruction       Conj           ####......   96%         7
 Spellforged Servitor     Conj/Summ      ####......   96%         7


Dungeon Overview and Level Annotations

Branches:
Dungeon (15/15)            Temple (1/1) D:6            Lair (6/6) D:9
  Swamp (1/4) Lair:2       Spider (0/4) Lair:2        Slime (0/5) Lair:6
    Orc (2/2) D:9             Elf (0/3) Orc:2        Vaults (0/5) D:14
 Depths (0/5) D:15

Altars:
Ashenzari
Cheibriados
Dithmenos
Elyvilon
Fedhas
Gozag
Hepliaklqana
Kikubaaqudgha
Makhleb
Nemelex Xobeh
Okawaru
Qazlal
Ru
Sif Muna
Trog
Uskayaw
Vehumet
Wu Jian
Xom
Yredelemnul
Zin
The Shining One
Jiyva

Shops:
Orc:2 [*(!*

Annotations:
D:14 Roxanne


Innate Abilities, Weirdness & Mutations

You are small and have problems with some larger weapons.
You are somewhat resistant to further mutation.


Message History

* * * LOW HITPOINT WARNING * * *
Your ice beast hits the shambling mangrove but does no damage.
The hornet barely misses you.
The shambling mangrove hits your ice beast!!
The hornet barely misses you.
Your ice beast hits the shambling mangrove but does no damage.
You are very lightly contaminated with residual magic.
As you read the scroll of blinking, it crumbles to dust.
You feel yourself speed up.
You feel sick.
The hornet stings your ice beast but does no damage.
Your ice beast hits the hornet.
Your ice beast freezes the hornet!
Roots burst forth from the earth!
The hornet stings your ice beast!
As you read the scroll of teleportation, it crumbles to dust.
You feel strangely unstable.
Your ice beast closely misses the hornet.
You feel a strong surge of power!
A cannonade of hail descends around you!
The hail misses the hornet.
You feel sick.
Aim: a hornet (heavily wounded)
You feel a strong surge of power!
You freeze the hornet.
You feel sick.
The hornet stings you but does no damage.
The hornet misses you.
You feel a strong surge of power!
A cannonade of hail descends around you!
The hail pelts the hornet!
The hail pelts the hornet!!
You kill the hornet!
Vehumet accepts your kill.
You feel your power returning.
Your surroundings suddenly seem different.
The swamp worm barely misses you.
Roots burst forth from the earth!
The swamp worm bites you!
* * * LOW HITPOINT WARNING * * *
Found a stone staircase leading down.
A swamp worm comes into view.
Aim: a swamp worm (water)
You feel a strong surge of power!
You freeze the swamp worm.
You feel sick. The swamp worm bites you.
* * * LOW HITPOINT WARNING * * *
You feel much better. The swamp worm completely misses you.
Aim: a swamp worm (water, lightly wounded)
You feel a strong surge of power!
You freeze the swamp worm!
You feel sick.
The swamp worm bites you but does no damage.
You feel a strong surge of power! A chill wind blows around you.
The swamp worm bites you!
* * * LOW HITPOINT WARNING * * *
You feel sick.
The swamp worm fires a harpoon shot at you.
The harpoon shot hits you!
You die...

≈ .≈≈
♣♣♣♣♣♣
≈≈≈.♣.Y..♣
.≈≈≈..w§@♣
≈≈≈≈...>♣♣
≈§...♣♣♣♣
≈... ≈≈


You could see a swamp worm and a friendly ice beast (summoned).

Vanquished Creatures
  A stone giant (Orc:2)
  Snorg (Lair:5)
  An ettin (Orc:2)
  An ogre mage (D:15)
  A vault guard (D:14)
  4 hydras
  2 catoblepae
  4 centaur warriors
  9 two-headed ogres
  4 death yaks (Lair:5)
  4 skeletal warriors (D:12)
  A deep troll (D:15)
  An unseen horror (D:11)
  A swamp dragon (Swamp:1)
  A lindwurm (Lair:5)
  Pikel (D:7)
  A deep elf archer (D:15)
  2 oklob plants (Lair:3)
  4 deep elf magi
  4 orc sorcerers
  4 ugly things (D:15)
  9 slime creatures
  6 elephants
  4 cyclopes
  4 manticores
  A centaur zombie (D:11)
  2 black mambas
  Maurice (D:8)
  18 cane toads
  Maggie (D:6)
  3 gargoyles
  2 torpor snails
  A rime drake (D:14)
  2 efreet
  2 kobold demonologists (D:15)
  5 komodo dragons
  A queen bee (shapeshifter) (D:15)
  5 trolls
  3 meliai (D:15)
  2 tyrant leeches (Lair:6)
  4 polar bears (D:14)
  5 hippogriffs
  7 hornets
  6 dream sheep (Lair:5)
  23 blink frogs
  A bog body (Swamp:1)
  2 wyverns
  2 spriggans (Swamp:1)
  43 yaks
  17 vampire mosquitoes
  4 basilisks
  Eustachio (D:4)
  3 wargs
  6 water moccasins
  5 porcupines
  5 black bears
  A swamp drake (Swamp:1)
  6 ice beasts
  23 orc warriors
  3 phantoms
  3 sky beasts
  7 wolves
  20 centaurs
  11 ogres
  A lemure (D:7)
  5 crocodiles
  3 big kobolds (D:15)
  31 bullfrogs
  Blork the orc (D:6)
  A gnoll sergeant (Orc:1)
  A wyvern skeleton (D:13)
  7 scorpions
  A water moccasin skeleton (D:7)
  8 killer bees
  8 wights
  5 howler monkeys
  3 electric eels
  4 hounds
  2 quasits
  16 orc priests
  5 jellies
  6 centaur skeletons
  A gnoll shaman (D:7)
  3 iguanas
  Jessica (D:2)
  18 orc wizards
  Natasha (thrice) (D:2)
  9 hell rats
  10 worker ants
  2 killer bee zombies
  A hound skeleton (D:6)
  A worker ant zombie (D:5)
  21 gnolls
  A howler monkey skeleton (D:4)
  9 adders
  A shadow imp (D:8)
  8 white imps
  3 ufetubi
  2 adder zombies
  6 worms
  2 dart slugs
  5 leopard geckos
  53 orcs
  6 giant cockroaches
  5 goblins
  8 hobgoblins
  13 jackals
  4 quokkas
  2 ball pythons
  5 bats (D:1)
  7 frilled lizards
  A jackal skeleton (D:8)
  21 kobolds
  2 leopard gecko skeletons
  10 rats
  A butterfly (Lair:3)
  6 fungi
  16 plants
707 creatures vanquished.

Vanquished Creatures (collateral kills)
  A hydra (Lair:2)
  A shambling mangrove (Swamp:1)
  A centaur warrior (D:14)
  Erica (Lair:1)
  3 two-headed ogres
  An alligator (Swamp:1)
  A tengu warrior (D:15)
  2 death yaks (Lair:5)
  An orc high priest (Orc:2)
  A wolf spider zombie (D:15)
  An orc sorcerer (Orc:2)
  A shining eye (shapeshifter) (D:15)
  5 ugly things (D:15)
  6 elephants
  A black mamba (Lair:5)
  A centaur zombie (D:15)
  8 cane toads
  2 trolls
  A hornet (Swamp:1)
  2 polar bears
  2 tyrant leeches (Lair:6)
  A wolf spider simulacrum (D:14)
  11 blink frogs
  2 slime creatures (D:14)
  A dream sheep (Lair:5)
  A shadow (D:13)
  2 spriggans (Swamp:1)
  A centaur simulacrum (D:15)
  4 water elementals (D:14)
  6 yaks
  6 vampire mosquitoes
  A basilisk (D:10)
  A warg (Orc:2)
  A water moccasin (Lair:3)
  A meliai simulacrum (D:14)
  3 ice beasts
  An ogre (D:11)
  A wolf (D:14)
  2 crocodiles
  4 bullfrogs
  A hornet simulacrum (D:14)
  2 wights (D:10)
  2 orc priests (Orc:2)
  5 orc wizards (Orc:2)
  An ufetubus (D:14)
  A fungus (D:9)
  A plant (Lair:3)
106 creatures vanquished.

Vanquished Creatures (others)
  A hippogriff (Lair:6)
  A blink frog (Lair:6)
  7 fungi
  39 plants
48 creatures vanquished.

Grand Total: 861 creatures vanquished

Notes
Turn   | Place    | Note
-------+----------+-------------------------------------------
     0 | D:1      | vurker the Halfling Ice Elementalist began the quest for
                  | the Orb.
     0 | D:1      | Reached XP level 1. HP: 11/11 MP: 3/3
   111 | D:1      | Reached XP level 2. HP: 9/17 MP: 1/4
   462 | D:1      | Reached XP level 3. HP: 13/22 MP: 1/6
   467 | D:1      | Learned a level 3 spell: Frozen Ramparts
   903 | D:1      | Reached skill level 1 in Fighting
  1134 | D:2      | Found a sacrificial altar of Ru.
  1162 | D:1      | Reached XP level 4. HP: 27/28 MP: 1/7
  1994 | D:2      | Reached XP level 5. HP: 29/33 MP: 5/8
  2032 | D:2      | Noticed Natasha
  2047 | D:2      | Killed Natasha
  2047 | D:2      | Reached skill level 5 in Ice Magic
  2197 | D:2      | Noticed Jessica
  2217 | D:2      | Killed Jessica
  2267 | D:2      | Identified Jessica's Guide on Execration
  2391 | D:2      | Noticed Natasha
  2405 | D:2      | Killed Natasha
  2464 | D:2      | Noticed Natasha
  2481 | D:2      | Killed Natasha
  2481 | D:2      | Reached XP level 6. HP: 30/39 MP: 5/10
  2489 | D:2      | Learned a level 4 spell: Hailstorm
  2551 | D:2      | Found a sacrificial altar of Ru.
  3243 | D:3      | Found a white marble altar of Elyvilon.
  3548 | D:3      | Found a white marble altar of Elyvilon.
  3548 | D:3      | Found a faded altar of an unknown god.
  3553 | D:3      | Found an iron altar of Okawaru.
  3555 | D:3      | Found a blossoming altar of Fedhas.
  3557 | D:3      | Found a burning altar of Makhleb.
  3716 | D:3      | Found a glowing golden altar of the Shining One.
  3995 | D:4      | Reached skill level 1 in Conjurations
  4279 | D:4      | Reached XP level 7. HP: 41/45 MP: 8/12
  4390 | D:4      | Learned a level 4 spell: Summon Ice Beast
  5004 | D:4      | Reached skill level 1 in Summonings
  5004 | D:4      | Reached skill level 6 in Ice Magic
  5358 | D:4      | Noticed Eustachio
  5367 | D:4      | Killed Eustachio
  5643 | D:5      | Entered Level 5 of the Dungeon
  5676 | D:4      | Reached XP level 8. HP: 45/51 MP: 9/13
  5859 | D:5      | Found a sparkling altar of Nemelex Xobeh.
  6718 | D:6      | Noticed Blork the orc
  6728 | D:6      | Killed Blork the orc
  6966 | D:6      | Found a staircase to the Ecumenical Temple.
  6973 | Temple   | Entered the Ecumenical Temple
  6990 | Temple   | Became a worshipper of Vehumet
  7068 | D:6      | Found a hide-covered altar of Uskayaw.
  7083 | D:6      | Noticed Maggie
  7099 | D:6      | HP: 2/52 [Maggie/+0 scimitar of flaming (3)]
  7762 | D:6      | Killed Maggie
  7762 | D:6      | Reached skill level 7 in Ice Magic
  7762 | D:6      | Reached XP level 9. HP: 15/57 MP: 0/15
  8245 | D:6      | Reached skill level 5 in Spellcasting
  8790 | D:6      | Found an opulent altar of Gozag.
  9028 | D:7      | Reached skill level 8 in Ice Magic
  9159 | D:7      | Got a fine scale mail
  9253 | D:7      | Reached * piety under Vehumet
  9253 | D:7      | Offered knowledge of Magic Dart by Vehumet.
  9522 | D:7      | Found a burning altar of Makhleb.
  9524 | D:7      | Found a stormy altar of Qazlal.
  9524 | D:7      | Found a radiant altar of Vehumet.
  9526 | D:7      | Found a shimmering altar of Xom.
  9526 | D:7      | Found an opulent altar of Gozag.
  9526 | D:7      | Found a bloodstained altar of Trog.
  9840 | D:7      | Noticed Pikel
  9850 | D:7      | Killed Pikel
  9850 | D:7      | Reached XP level 10. HP: 54/65 MP: 3/19
  9863 | D:7      | Identified the +0 scale mail of the Slightly Bent {Harm
                  | Dex+2} (You found it on level 7 of the Dungeon)
 10531 | D:8      | Reached skill level 9 in Ice Magic
 10927 | D:8      | Reached skill level 5 in Fighting
 10938 | D:8      | Noticed Maurice
 10943 | D:8      | Killed Maurice
 11413 | D:8      | Found a bloodstained altar of Trog.
 11589 | D:8      | Found a shimmering altar of Xom.
 11913 | D:9      | Reached ** piety under Vehumet
 11918 | D:9      | Offered knowledge of Foxfire by Vehumet.
 11946 | D:9      | Found a staircase to the Lair.
 12239 | D:9      | Found a staircase to the Orcish Mines.
 12512 | D:9      | Reached skill level 10 in Ice Magic
 12986 | D:9      | Reached XP level 11. HP: 72/72 MP: 14/21
 12998 | D:9      | Offered knowledge of Searing Ray by Vehumet.
 13120 | D:9      | Found a shattered altar of Ashenzari.
 13528 | D:10     | Entered Level 10 of the Dungeon
 14182 | D:10     | Reached *** piety under Vehumet
 14282 | D:10     | Reached skill level 11 in Ice Magic
 15309 | D:11     | Offered knowledge of Conjure Flame by Vehumet.
 15626 | D:11     | Noticed a two-headed ogre
 15634 | D:11     | Killed a two-headed ogre
 16284 | D:11     | Noticed a manticore
 16292 | D:11     | Killed a manticore
 16292 | D:11     | Reached XP level 12. HP: 64/81 MP: 7/24
 16626 | D:11     | Noticed an unseen horror
 16636 | D:11     | Killed an unseen horror
 17211 | Lair:1   | Entered Level 1 of the Lair of Beasts
 17723 | D:9      | Reached skill level 12 in Ice Magic
 18085 | Lair:1   | Noticed Erica
 18093 | Lair:1   | Killed Erica
 19379 | Lair:2   | Found a hole to the Spider Nest.
 19813 | Lair:2   | Noticed a four-headed hydra
 19819 | Lair:2   | Killed a four-headed hydra
 19819 | Lair:2   | Reached **** piety under Vehumet
 19913 | Lair:2   | Found a staircase to the Swamp.
 20220 | Lair:2   | Noticed a six-headed hydra
 20223 | Lair:2   | Killed a six-headed hydra
 20470 | Lair:2   | Got a crude dagger
 20471 | Lair:2   | Identified the +8 dagger of Tisack {protect, rPois} (You
                  | found it on level 2 of the Lair of Beasts)
 20604 | Lair:2   | Reached XP level 13. HP: 71/88 MP: 26/26
 20832 | Lair:3   | Reached skill level 13 in Ice Magic
 21152 | Lair:3   | Reached skill level 10 in Spellcasting
 21282 | Lair:3   | Offered knowledge of Iskenderun's Battlesphere by Vehumet.
 23840 | Lair:5   | Reached ***** piety under Vehumet
 23855 | Lair:5   | Offered knowledge of Sticky Flame by Vehumet.
 23856 | Lair:5   | Reached skill level 14 in Ice Magic
 24226 | Lair:5   | Reached XP level 14. HP: 97/97 MP: 25/29
 24470 | Lair:5   | Noticed Snorg
 24479 | Lair:5   | Killed Snorg
 25890 | Lair:6   | Entered Level 6 of the Lair of Beasts
 26565 | Lair:6   | Reached skill level 15 in Ice Magic
 26841 | Lair:6   | Found a viscous altar of Jiyva.
 26842 | Lair:6   | Found a staircase to the Slime Pits.
 27338 | Lair:6   | Offered knowledge of Fireball by Vehumet.
 27338 | Lair:6   | Reached skill level 10 in Fighting
 28290 | Lair:6   | Identified a +2 pair of boots of running (You found it on
                  | level 6 of the Lair of Beasts)
 28468 | Orc:1    | Entered Level 1 of the Orcish Mines
 29292 | Orc:2    | Entered Level 2 of the Orcish Mines
 30061 | Orc:2    | Found a staircase to the Elven Halls.
 30086 | Orc:2    | Found Ywecerid's General Store.
 30220 | Orc:2    | Reached XP level 15. HP: 103/103 MP: 14/31
 30766 | Orc:2    | Found Kunnomy's General Store.
 30766 | Orc:2    | Found Buahyux's Distillery.
 30768 | Orc:2    | Found Vuolytynk's Weapon Boutique.
 30771 | Orc:2    | Found Ysaon's Armour Shop.
 31054 | Orc:2    | Noticed a stone giant
 31069 | Orc:2    | Killed a stone giant
 31594 | D:12     | Offered knowledge of Yara's Violent Unravelling by Vehumet.
 33410 | D:13     | Reached skill level 16 in Ice Magic
 35904 | D:14     | Got a slimy falchion
 35905 | D:14     | Identified the cursed +1 falchion of Bodily Humours
                  | {freeze, Str+3} (You found it on level 14 of the Dungeon)
 36851 | D:14     | Offered knowledge of Freezing Cloud by Vehumet.
 37609 | D:14     | Noticed Roxanne
 37702 | D:14     | Got a scorched chain mail
 38652 | D:14     | Reached XP level 16. HP: 87/112 MP: 23/33
 38754 | D:14     | Found a gate to the Vaults.
 39050 | D:15     | Entered Level 15 of the Dungeon
 39498 | D:15     | Found a staircase to the Depths.
 40732 | D:15     | Reached skill level 17 in Ice Magic
 41633 | Swamp:1  | Entered Level 1 of the Swamp
 41648 | Swamp:1  | Offered knowledge of Lee's Rapid Deconstruction by Vehumet.
 41826 | Swamp:1  | Paralysed by a hornet for 2 turns
 42051 | Lair:2   | Identified the cursed +1 chain mail of Dogma {+Fly rPois
                  | Int-5} (You found it on level 14 of the Dungeon)
 42707 | Swamp:1  | HP: 5/113 [swamp worm (3)]
 42711 | Swamp:1  | Killed from afar by a swamp worm

Illustrated notes

Levels and vault maps discovered:
D:1:      dpeg_arrival_tiny_j, layout_basic, minmay_octomino_j4
D:2:      layout_rooms, overflow_temple_1_default, kennysheep_jessica_study,
          uniq_natasha
D:3:      layout_basic, tso_oasis_becter, chequers_temple_overflow_minitemple,
          elyvilon_altar_5
D:4:      layout_loops_ring, uniq_eustachio
D:5:      layout_cave_pods, nemelex_xobeh_ov_fountains_minmay,
          grunt_decor_fettered
D:6:      layout_cave_pods, kennysheep_little_box,
          eat_drink_and_be_merry_uskayaw, minmay_temple_entry_statues_pillars,
          uniq_blork_the_orc, uniq_maggie
D:7:      layout_basic, enter_bailey_7, serial_bayou_pond_a,
          doesnt_xom_only_xom, uniq_pikel
D:8:      layout_loops_ring, kennysheep_mini, old_standard_altar, uniq_maurice
D:9:      layout_irregular_city, lemuel_doored_altar, dpeg_oklobed_lair,
          david_orc_1_choice
D:10:     layout_rooms, minmay_misc_feat_tower, minmay_pinched_square
D:11:     layout_grid_maze, gauntlet_entry_generic, kennysheep_generic_room_3
D:12:     layout_loops_cross
D:13:     layout_stronghold
D:14:     layout_basic, david_vaults_5, serial_ice, serial_ice_f, serial_ice_b,
          serial_ice_j, serial_ice_o, serial_ice_a, serial_ice_g,
          portal_ice_cave_entry_animals_and_master,
          chequers_serial_rivers_large_b, kennysheep_small_square, uniq_roxanne
D:15:     hangedman_depths_entry_civil_slaughter, layout_basic
Temple:   zaba_magenta_temple
Lair:1:   layout_cave_pods, lemuel_fruit_fields, uniq_erica
Lair:2:   layout_roguey, swamp_mist, nicolae_spider_entry_non_spiders,
          minmay_shattered_shrine
Lair:3:   layout_gridlike, minmay_lair_oklob_chamber, lemuel_fruit_fields
Lair:4:   layout_layer_cave, grunt_megastairs_3
Lair:5:   wad_woods_structure_01, layout_cellular_growth, uniq_snorg
Lair:6:   minmay_lair_end_frog_pond, layout_regular_city, slime_altar_1,
          lemuel_old_faithful
Swamp:1:  layout_basic_swamp, evilmike_swamp_ruin_house_4
Orc:1:    layout_caves
Orc:2:    st_orc_mages, layout_diamond_mine, serial_shops, shop,
          nicolae_orc_flooded_monolith

Skill      XL: |  1  2  3  4  5  6  7  8  9 10 11 12 13 14 15 16 |
---------------+-------------------------------------------------+-----
Spellcasting   | 2 3 4 6 7 8 9 11 12 13 | 13.6
Fighting       | 1 2 3 4 5 7 8 9 10 11 | 11.5
Ice Magic      | 5 6 7 8 10 11 12 14 15 16 17 | 17.3
Conjurations   | 1 2 3 |  3.0
Summonings     | 1 3 |  3.0
Dodging        | |  2.1
Stealth        | |  2.1

Action                   |  1- 3 |  4- 6 |  7- 9 | 10-12 | 13-15 | 16-18 || total
-------------------------+-------+-------+-------+-------+-------+-------++-------
Melee: Short sword       |    27 |    42 |    76 |       |       |       ||   145
       Scimitar          |       |       |    20 |    67 |       |       ||    87
       Dagger            |       |       |       |       |   128 |     7 ||   135
 Cast: Freeze            |    31 |    68 |    57 |    91 |   201 |    22 ||   470
       Frozen Ramparts   |       |    12 |    33 |    50 |    35 |     6 ||   136
       Hailstorm         |       |       |    12 |   125 |   359 |    99 ||   595
       Summon Ice Beast  |       |       |     2 |    44 |   183 |    55 ||   284
Evoke: Wand              |       |       |     6 |     1 |     7 |     1 ||    15
  Use: Scroll            |       |       |    16 |     9 |     6 |     3 ||    34
       Potion            |       |       |     2 |       |       |     2 ||     4
 Stab: Sleeping          |     2 |       |       |     1 |       |       ||     3
       Distracted        |       |       |       |     1 |     1 |       ||     2
Armor: Robe              |     9 |    10 |    31 |    50 |   133 |    24 ||   257
       Skin              |       |       |     6 |       |       |       ||     6
Dodge: Dodged            |    37 |    61 |   107 |   167 |   320 |    63 ||   755
       Rpst.: Scimitar   |       |       |    10 |    44 |       |       ||    54

Table legend: (Time is in decaauts)
 A = Elapsed time spent in this place.
 B = Non-inter-level travel time spent in this place.
 C = Inter-level travel time spent in this place.
 D = Time resting spent in this place.
 E = Time spent auto-exploring this place.
 F = Levels seen in this place.
 G = Mean time per level.
                   A        B        C        D        E       F      G
               +--------+--------+--------+--------+--------+-----+--------+
         Total |  42383 |  40675 |   1708 |   3583 |  32171 |  25 | 1695.3 |
       Dungeon |  27957 |  26700 |   1257 |   3188 |  20199 |  15 | 1863.8 |
        Temple |     80 |     62 |     18 |      0 |     53 |   1 |   80.0 |
          Lair |  10829 |  10467 |    362 |    395 |   8978 |   6 | 1804.8 |
         Swamp |    688 |    688 |      0 |      0 |    562 |   1 |  688.0 |
  Orcish Mines |   2827 |   2756 |     71 |      0 |   2378 |   2 | 1413.5 |
               +--------+--------+--------+--------+--------+-----+--------+

Top non-repeatable levels by time:
    D:13: 3974 daAuts
     D:9: 2682 daAuts
  Lair:5: 2584 daAuts
    D:14: 2543 daAuts
    D:11: 2301 daAuts
  Lair:6: 2235 daAuts
    D:15: 2135 daAuts
  Lair:2: 2015 daAuts
   Orc:2: 1998 daAuts
     D:6: 1722 daAuts
     D:8: 1649 daAuts
     D:4: 1615 daAuts
     D:5: 1574 daAuts
  Lair:4: 1532 daAuts
     D:7: 1510 daAuts
